 Dungeon Crawl Stone Soup version 0.26-a0-682-g294304f6e8 (webtiles) character file.

Game seed: 11635479530558292227

362 jasper the Grave Robber (level 6, 0/44 HPs)
             Began as a Gnoll Necromancer on Oct 20, 2020.
             Killed by divine providence
             ... invoked by an orc priest
              (8 damage)
             ... on level 4 of the Dungeon.
             The game lasted 00:07:02 (3643 turns).

jasper the Grave Robber (Gnoll Necromancer)         Turns: 3643, Time: 00:07:02

Health: 0/44       AC:  2    Str: 10    XL:     6   Next: 66%
Magic:  1/14       EV: 15    Int: 19    God:
Gold:   165        SH:  0    Dex: 16    Spells: 6/15 levels left

rFire    . . .     SeeInvis .   j - +2 whip (elec)
rCold    . . .     Faith    .   (no shield)
rNeg     . . .     Spirit   .   d - +0 robe (curse)
rPois    .         Reflect  .   (no helmet)
rElec    .         Harm     .   (no cloak)
rCorr    .         Rampage  .   (no gloves)
MR       .....                  (no boots)
Stlth    +++.......             (no amulet)
HPRegen  0.14/turn              (no ring)
MPRegen  0.14/turn              (no ring)

@: no status effects
A: distributed training, fangs 1, strong nose
a: no special abilities


You were on level 4 of the Dungeon.
You visited 1 branch of the dungeon, and saw 4 of its levels.

You collected 165 gold pieces.

Inventory:

Hand Weapons
 j - a +2 whip of electrocution (weapon)
Missiles
 c - 20 sling bullets
 e - 98 stones
 f - 94 arrows
 h - 17 poisoned darts (quivered)
 s - 3 atropa-tipped darts
 y - 7 boomerangs
Armour
 a - a +0 robe
 d - a cursed +0 robe (worn)
 B - a +1 leather armour of cold resistance
Jewellery
 A - an uncursed ring of wizardry
Scrolls
 b - 2 scrolls of noise
 g - 2 scrolls of teleportation
 l - a scroll of magic mapping {unknown}
 m - a scroll of random uselessness {unknown}
 o - 3 scrolls of remove curse {unknown}
 r - a scroll of enchant armour {unknown}
 t - a scroll of enchant weapon {unknown}
 v - 2 scrolls of immolation {unknown}
 w - a scroll of fear {unknown}
 x - a scroll of amnesia {unknown}
Potions
 i - a potion of degeneration
 k - a potion of flight
 n - a potion of stabbing
 p - a potion of brilliance {unknown}
 q - a potion of heal wounds {unknown}
 u - a potion of berserk rage {unknown}
 z - a potion of curing {unknown}


   Skills:
 + Level 2.0 Fighting
 + Level 2.0 Short Blades
 + Level 2.0 Long Blades
 + Level 2.0 Axes
 + Level 2.0 Maces & Flails
 + Level 2.0 Polearms
 + Level 2.0 Staves
 + Level 2.0 Slings
 + Level 2.0 Bows
 + Level 2.0 Crossbows
 + Level 2.0 Throwing
 + Level 2.0 Armour
 + Level 5.0 Dodging
 + Level 4.6 Stealth
 + Level 2.0 Shields
 + Level 2.0 Unarmed Combat
 + Level 5.4 Spellcasting
 + Level 1.6 Conjurations
 + Level 1.6 Hexes
 + Level 1.6 Summonings
 + Level 7.3 Necromancy
 + Level 1.6 Translocations
 + Level 1.6 Transmutations
 + Level 1.6 Fire Magic
 + Level 1.6 Ice Magic
 + Level 1.6 Air Magic
 + Level 1.6 Earth Magic
 + Level 1.6 Poison Magic
 + Level 2.2 Invocations
 + Level 2.0 Evocations


You had 6 spell levels left.
You knew the following spells:

 Your Spells              Type           Power        Failure   Level
a - Pain                  Necr           ####         1%          1
b - Animate Skeleton      Necr           ####..       1%          1
c - Vampiric Draining     Necr           ####......   1%          3
d - Animate Dead          Necr           ####......   6%          4

Your spell library contained the following spells:

 Spells                   Type           Power        Failure   Level
 Agony                    Necr           ####....     16%         5


Dungeon Overview and Level Annotations

Branches:
Dungeon (4/15)
 Temple: D:4-7

Altars:
Nemelex Xobeh


Innate Abilities, Weirdness & Mutations

Your experience applies equally to all skills.
You have very sharp teeth.
Your uncanny sense of smell can sniff out nearby items.


Message History

The orc priest hits you with a +0 dagger.
* * * LOW HITPOINT WARNING * * *
You take 5 damage, and have 10/44 hp.
You hit the orc priest.
The orc priest is almost dead.
The quokka misses you.
The orc priest miscasts a cantrip.
You hit the orc priest but do no damage.
The orc priest is almost dead.
The quokka bites you.
* * * LOW HITPOINT WARNING * * *
The orc priest barely misses you.
You take 2 damage, and have 8/44 hp.
You hit the orc priest but do no damage.
You bite the orc priest.
The orc priest is almost dead.
The quokka barely misses you.
The orc priest mumbles some strange prayers to Beogh against you.
Beogh smites you!
You die...

......# ....... ∆
.)..... .(.(... .......
..# .. ......$ #..###...
......r#### #...#....
......o@..###....... ..
......................#
......##...#.....###..##
...(.......)............
........................
.....#.....#............
###. #.....#.#..........
.. ####.#.............
#...#####.......


You could see an orc priest and a quokka.

Vanquished Creatures
  A vampire bat (D:3)
  2 hounds (D:4)
  An orc wizard (D:4)
  6 adders
  2 oozes
  3 worms (D:2)
  2 dart slugs (D:1)
  3 leopard geckos
  7 orcs (D:4)
  16 bats
  2 bat skeletons (D:3)
  5 giant cockroaches
  7 goblins
  7 hobgoblins
  9 jackals
  A ball python (D:2)
  13 kobolds
  8 rats
95 creatures vanquished.

Notes
Turn   | Place    | Note
-------+----------+-------------------------------------------
     0 | D:1      | jasper the Gnoll Necromancer began the quest for the Orb.
     0 | D:1      | Reached XP level 1. HP: 13/13 MP: 6/6
     8 | D:1      | Learned a level 1 spell: Animate Skeleton
   457 | D:1      | Reached XP level 2. HP: 19/19 MP: 7/7
   865 | D:1      | Reached XP level 3. HP: 25/25 MP: 9/9
   888 | D:1      | Reached skill level 5 in Spellcasting
   916 | D:1      | Reached skill level 1 in Invocations
  1107 | D:2      | Learned a level 3 spell: Vampiric Draining
  1226 | D:2      | Reached skill level 1 in Fighting
  1226 | D:2      | Reached skill level 1 in Short Blades
  1226 | D:2      | Reached skill level 1 in Long Blades
  1226 | D:2      | Reached skill level 1 in Axes
  1226 | D:2      | Reached skill level 1 in Maces & Flails
  1226 | D:2      | Reached skill level 1 in Polearms
  1226 | D:2      | Reached skill level 1 in Staves
  1226 | D:2      | Reached skill level 1 in Slings
  1226 | D:2      | Reached skill level 1 in Bows
  1226 | D:2      | Reached skill level 1 in Crossbows
  1226 | D:2      | Reached skill level 1 in Throwing
  1226 | D:2      | Reached skill level 1 in Armour
  1226 | D:2      | Reached skill level 1 in Shields
  1226 | D:2      | Reached skill level 1 in Unarmed Combat
  1226 | D:2      | Reached skill level 1 in Evocations
  1320 | D:2      | Reached XP level 4. HP: 31/32 MP: 8/11
  1895 | D:2      | Found a sparkling altar of Nemelex Xobeh.
  2314 | D:3      | Reached skill level 1 in Conjurations
  2314 | D:3      | Reached skill level 1 in Hexes
  2314 | D:3      | Reached skill level 1 in Summonings
  2314 | D:3      | Reached skill level 1 in Translocations
  2314 | D:3      | Reached skill level 1 in Transmutations
  2314 | D:3      | Reached skill level 1 in Fire Magic
  2314 | D:3      | Reached skill level 1 in Ice Magic
  2314 | D:3      | Reached skill level 1 in Air Magic
  2314 | D:3      | Reached skill level 1 in Earth Magic
  2314 | D:3      | Reached skill level 1 in Poison Magic
  2446 | D:3      | Reached XP level 5. HP: 37/37 MP: 12/12
  2452 | D:3      | Learned a level 4 spell: Animate Dead
  3125 | D:3      | Reached XP level 6. HP: 44/44 MP: 13/13
  3355 | D:4      | Reached skill level 5 in Dodging
  3643 | D:4      | Killed from afar by an orc priest

Illustrated notes

Levels and vault maps discovered:
D:1:      nagdon_arrival_zigzag_paths, layout_rooms, minmay_three_crescents
D:2:      layout_basic, nemelex_lonely_heart_becter
D:3:      layout_rooms, goddamned_bats
D:4:      layout_rooms, minmay_circle_x

Skill      XL: |  1  2  3  4  5  6 |
---------------+-------------------+-----
Spellcasting   | 5 |  5.4
Invocations    | 1 2 |  2.2
Fighting       | 1 2 |  2.0
Short Blades   | 1 2 |  2.0
Long Blades    | 1 2 |  2.0
Axes           | 1 2 |  2.0
Maces & Flails | 1 2 |  2.0
Polearms       | 1 2 |  2.0
Staves         | 1 2 |  2.0
Slings         | 1 2 |  2.0
Bows           | 1 2 |  2.0
Crossbows      | 1 2 |  2.0
Throwing       | 1 2 |  2.0
Armour         | 1 2 |  2.0
Shields        | 1 2 |  2.0
Unarmed Combat | 1 2 |  2.0
Evocations     | 1 2 |  2.0
Conjurations   | 1 |  1.6
Hexes          | 1 |  1.6
Summonings     | 1 |  1.6
Translocations | 1 |  1.6
Transmutations | 1 |  1.6
Fire Magic     | 1 |  1.6
Ice Magic      | 1 |  1.6
Air Magic      | 1 |  1.6
Earth Magic    | 1 |  1.6
Poison Magic   | 1 |  1.6
Dodging        | 5 |  5.0
Stealth        | |  4.6
Necromancy     | |  7.3

Action                   |  1- 3 |  4- 6 || total
-------------------------+-------+-------++-------
Melee: Unarmed           |     4 |       ||     4
       Whip              |    32 |   131 ||   163
       Bite              |     2 |    12 ||    14
Throw: Dart              |    37 |    25 ||    62
       Stone             |     2 |       ||     2
 Cast: Pain              |    17 |    21 ||    38
       Animate Skeleton  |     1 |       ||     1
       Vampiric Draining |       |     3 ||     3
       Animate Dead      |       |     1 ||     1
  Use: Scroll            |       |     5 ||     5
 Stab: Sleeping          |     6 |    10 ||    16
Armor: Robe              |     7 |    48 ||    55
Dodge: Dodged            |    33 |   142 ||   175

Table legend: (Time is in decaauts)
 A = Elapsed time spent in this place.
 B = Non-inter-level travel time spent in this place.
 C = Inter-level travel time spent in this place.
 D = Time resting spent in this place.
 E = Time spent auto-exploring this place.
 F = Levels seen in this place.
 G = Mean time per level.
                   A        B        C        D        E       F      G
               +--------+--------+--------+--------+--------+-----+--------+
         Total |   3647 |   3545 |    102 |    741 |   2088 |   4 |  911.8 |
       Dungeon |   3647 |   3545 |    102 |    741 |   2088 |   4 |  911.8 |
               +--------+--------+--------+--------+--------+-----+--------+

Top non-repeatable levels by time:
     D:2: 1475 daAuts
     D:1: 1103 daAuts
     D:3: 557 daAuts
     D:4: 511 daAuts
